 Dungeon Crawl Stone Soup version 0.18.1-8-gdd0e5ea (webtiles) character file.

121 Heskey the Skirmisher (level 5, -3/35 HPs)
             Began as a Gargoyle Fighter on June 9, 2016.
             Slain by Pikel
             ... wielding a +2 whip of freezing
              (4 damage)
             ... on level 3 of the Dungeon.
             The game lasted 00:02:30 (2343 turns).

Heskey the Skirmisher (Gargoyle Fighter)            Turns: 2343, Time: 00:02:31

Health: -3/35      AC: 11    Str: 21    XL:     5   Next: 5%
Magic:  5/5        EV:  7    Int:  8    God:
Gold:   116        SH:  9    Dex: 13    Spells: 0 memorised, 4 levels left

rFire  . . .     SeeInvis .     a - +0 flail
rCold  . . .     Gourm    .     b - +0 scale mail
rNeg   + . .     Faith    .     c - +0 shield
rPois  ∞         Spirit   .     (no helmet)
rElec  +         Dismiss  +     (no cloak)
rCorr  .         Reflect  .     (no gloves)
SustAt .         Harm     .     (no boots)
MR     .....                    p - amulet of dismissal
Stlth  ..........               (no ring)
                                m - +4 ring of dexterity

@: not resistant to hostile enchantments, extremely unstealthy
A: negative energy resistance 1, electricity resistance, unbreathing,
petrification resistance, rot immunity, AC +4
a: no special abilities


You were on level 3 of the Dungeon.
You were hungry.

You visited 1 branch of the dungeon, and saw 4 of its levels.

You collected 116 gold pieces.

Inventory:

Hand Weapons
 a - a +0 flail (weapon)
Missiles
 o - 2 throwing nets (quivered)
Armour
 b - a +0 scale mail (worn)
 c - a +0 shield (worn)
Jewellery
 m - a +4 ring of dexterity (left hand)
 p - an amulet of dismissal (around neck)
Scrolls
 e - 2 scrolls of teleportation {unknown}
 g - 3 scrolls of identify {unknown}
 i - a scroll of enchant weapon {unknown}
 k - 3 scrolls of remove curse {unknown}
 l - a scroll of immolation {unknown}
 q - a scroll of enchant armour {unknown}
 t - a scroll of recharging {unknown}
Potions
 d - a potion of might
 h - 2 potions of mutation {unknown}
 n - a potion of haste {unknown}
 r - a potion of curing {unknown}
 s - a potion of agility {unknown}
Comestibles
 f - 2 bread rations
 j - 3 meat rations


   Skills:
 * Level 5.0 Fighting
 + Level 2.9 Maces & Flails
 + Level 4.1 Armour
 - Level 3.2 Shields


You had 4 spell levels left.
You didn't know any spells.

Dungeon Overview and Level Annotations

Branches:
Dungeon (4/15)
 Temple: D:4-7

Altars:
Elyvilon
Trog
Zin

Annotations:
D:3 Pikel


Innate Abilities, Weirdness & Mutations

You are resistant to torment.
Your stone body is resilient (AC +4).
You are immune to poison.
You resist negative energy.
You are resistant to electric shocks.
You can survive without breathing.
You are immune to petrification.
You are immune to rotting.


Message History

You block the scorpion's attack. You block Pikel's attack.
The scorpion stings you but does no damage.
Your shield and scale mail prevent you from hitting the scorpion.
The scorpion is almost dead.
Pikel hits you with a whip of freezing.
* * * LOW HITPOINT WARNING * * *
Pikel freezes you.
* * * LOW HITPOINT WARNING * * *
The scorpion barely misses you.
Unknown command.
You closely miss the scorpion.
The scorpion is almost dead.
You block Pikel's attack.
The scorpion stings you but does no damage.
Unknown command.
Unknown command.
You hit the scorpion but do no damage.
The scorpion is almost dead.
Pikel hits you with a whip of freezing.
You die...

#.# #......... #.#
#......... #.#
#......... ######'##
#..††..... #.......#
#......... #.......#
###.###### #.......#
#.#
#.......############.#
#........K@s.........#
#.......##############
#########


You could see Pikel and a scorpion.

Vanquished Creatures
  A worker ant (D:4)
  2 adders
  An ooze (D:2)
  4 dart slugs
  3 giant geckos
  6 bats
  4 giant cockroaches
  6 hobgoblins
  6 jackals
  A quokka (D:2)
  2 ball pythons (D:3)
  7 giant newts
  7 goblins
  7 kobolds
  5 rats
62 creatures vanquished.

Notes
Turn   | Place    | Note
--------------------------------------------------------------
     0 | D:1      | Heskey the Gargoyle Fighter began the quest for the Orb.
     0 | D:1      | Reached XP level 1. HP: 14/14 MP: 1/1
    57 | D:1      | Reached XP level 2. HP: 17/19 MP: 2/2
   400 | D:1      | Reached XP level 3. HP: 24/24 MP: 3/3
   829 | D:2      | Reached skill level 4 in Fighting
  1026 | D:2      | Reached XP level 4. HP: 29/30 MP: 4/4
  1291 | D:2      | Found a glowing silver altar of Zin.
  1454 | D:2      | Found a bloodstained altar of Trog.
  1455 | D:2      | Found a white marble altar of Elyvilon.
  2261 | D:4      | Reached skill level 5 in Fighting
  2261 | D:4      | Reached XP level 5. HP: 33/35 MP: 5/5
  2304 | D:4      | Noticed a slave
  2307 | D:4      | Noticed a slave
  2307 | D:4      | Noticed Pikel
  2309 | D:4      | Noticed a slave
  2311 | D:4      | Noticed a slave
  2341 | D:3      | HP: 1/35 [Pikel/whip of freezing (2)]
  2343 | D:3      | Slain by Pikel

Skill      XL: |  1  2  3  4 |
---------------+-------------+-----
Fighting       | 4 5 |  5.0
Armour         | 4 |  4.1
Maces & Flails | |  2.9
Shields        | |  3.2

Action                   |  1- 3 |  4- 6 || total
-------------------------+-------+-------++-------
Melee: Flail             |   123 |    95 ||   218
  Eat: Chunk             |     1 |     3 ||     4
Armor: Scale mail        |    62 |    50 ||   112
Dodge: Dodged            |    49 |    32 ||    81
Block: Shield            |    87 |    58 ||   145
